 Dungeon Crawl Stone Soup version 0.29-a0-330-g52719c12eb (webtiles) character file.

Game seed: 15188878398627808502

20706 Crownlay the Marksspriggan (level 12, -2/64 HPs)
             Began as a Spriggan Hunter on May 13, 2022.
             Was an Elder of Dithmenos.
             Slain by a naga
             ... wielding a +0 halberd
              (4 damage)
             ... while petrified by a catoblepas
             ... on level 3 of the Lair of Beasts.
             The game lasted 00:26:44 (10974 turns).

Crownlay the Marksspriggan (Spriggan Hunter)       Turns: 10974, Time: 00:26:45

Health: -2/64      AC:  9    Str:  9    XL:     12   Next: 47%
Magic:  13/13      EV:  4    Int: 11    God:    Dithmenos [****..]
Gold:   702        SH:  0    Dex: 23    Spells: 11/11 levels left

rFire   x . .      SeeInvis +   H - +2 shortbow (vorpal)
rCold   + . .      Faith    .   (shield currently unavailable)
rNeg    + + +      Spirit   .   E - +1 steam dragon scales
rPois   ∞          Reflect  .   (helmet restricted)
rElec   .          Harm     .   p - +2 cloak
rCorr   .          Rampage  .   (gloves unavailable)
Will    ++...                   (boots unavailable)
Stlth   ++++++++..              q - amulet of regeneration
HPRegen 1.00/turn               j - ring of the Baleful Peach {Ice rPois rN+ Str+2 Stlth-}
MPRegen 0.13/turn               w - ring of positive energy

@: petrified, marked, wreathed by umbra, very quick
A: very small, no large weapons, unfitting armour, see invisible, speed 3
a: Renounce Religion, Shadow Step


You were on level 3 of the Lair of Beasts.
You worshipped Dithmenos.
Dithmenos was greatly pleased with you.
You visited 3 branches of the dungeon, and saw 14 of its levels.

You collected 702 gold pieces.

Inventory:

Hand Weapons
 H - a +2 vorpal shortbow (weapon)
Missiles
 h - 2 throwing nets
Armour
 p - a +2 cloak (worn)
 E - +1 steam dragon scales (worn)
Jewellery
 g - a ring of ice
 j - the ring of the Baleful Peach (left hand) {Ice rPois rN+ Str+2 Stlth-}
   (You found it on level 2 of the Dungeon)

   [ring of ice]

   It enhances your ice magic.
   Str:       It affects your strength (+2).
   rF:        It makes you vulnerable to fire.
   rC:        It protects you from cold.
   rPois:     It protects you from poison.
   rN:        It protects you from negative energy.
   Stlth:     It makes you less stealthy.
 q - an amulet of regeneration (around neck)
 v - a +4 ring of evasion
 w - a ring of positive energy (right hand)
 F - a ring of poison resistance
 J - a ring of protection from fire
Wands
 u - a wand of flame (4)
 x - a wand of iceblast (7)
 y - a wand of acid (9)
 B - a wand of paralysis (11)
 D - a wand of mindburst (14)
Scrolls
 c - 4 scrolls of immolation
 f - 2 scrolls of teleportation
 k - a scroll of amnesia
 m - 4 scrolls of magic mapping
 o - a scroll of fog
 t - a scroll of holy word
 C - a scroll of summoning
 L - a scroll of vulnerability {unknown}
Potions
 a - a potion of invisibility
 b - a potion of magic {unknown}
 d - 2 potions of mutation
 e - 6 potions of flight {unknown}
 i - 2 potions of haste {unknown}
 l - 6 potions of curing
 n - 3 potions of berserk rage
 r - 2 potions of degeneration {unknown}
 s - 3 potions of brilliance {unknown}
 z - a potion of attraction {unknown}
 A - a potion of lignification {unknown}
 G - a potion of cancellation {unknown}
 I - 2 potions of experience {unknown}
 K - a potion of heal wounds {unknown}


   Skills:
 + Level 8.1 Fighting
 * Level 16.3 Bows
 + Level 12.5 Dodging
 + Level 14.4 Stealth


You had 11 spell levels left.
You didn't know any spells.
Your spell library contained the following spells:

 Spells                   Type           Power      Damage    Failure   Level
 Apportation              Tloc           0%         N/A       34%         1
 Sandblast                Erth           0%         2d4       34%         1
 Passwall                 Tmut/Erth      0%         N/A       47%         2
 Static Discharge         Conj/Air       0%         N/A       47%         2
 Call Canine Familiar     Summ           0%         N/A       71%         3
 Dazzling Flash           Conj/Hex       0%         N/A       71%         3
 Portal Projectile        Hex/Tloc       0%         N/A       71%         3
 Stone Arrow              Conj/Erth      0%         3d7       71%         3
 Leda's Liquefaction      Hex/Erth       0%         N/A       98%         4
 Agony                    Necr           0%         N/A       100%        5
 Alistair's Intoxication  Tmut/Pois      0%         N/A       100%        5
 Blade Hands              Tmut           0%         N/A       100%        5
 Excruciating Wounds      Necr           0%         N/A       100%        5
 Lightning Bolt           Conj/Air       0%         1d11      100%        5
 Silence                  Hex/Air        0%         N/A       100%        5
 Maxwell's Capacitive Co  Air            0%         ∞         100%        8


Dungeon Overview and Level Annotations

Branches:
Dungeon (10/15)            Temple (1/1) D:4            Lair (3/6) D:8
  Swamp (0/4) Lair:3        Snake (0/4) Lair:3          Orc (0/2) D:10

Altars:
Ashenzari
Cheibriados
Dithmenos
Elyvilon
Fedhas
Gozag
Hepliaklqana
Kikubaaqudgha
Makhleb
Nemelex Xobeh
Okawaru
Qazlal
Ru
Sif Muna
Trog
Uskayaw
Vehumet
Wu Jian
Xom
Yredelemnul
Zin
The Shining One
Beogh

Shops:
D:8 [

Annotations:
D:4 2 runed translucent doors, benappo's ghost, amateur KoAM


Innate Abilities, Weirdness & Mutations

You are very small and have problems with some larger weapons.
You are too small for most types of armour.
You have supernaturally acute eyesight. (SInv)
You cover ground extremely quickly. (Speed+++)


Message History

The bullfrog completely misses you. The catoblepas misses you.
The black mamba closely misses you.
You shoot an arrow.
The arrow hits the catoblepas but does no damage.
The catoblepas is lightly wounded.
The black mamba closely misses you. The bullfrog closely misses you.
The naga closely misses you. The naga barely misses you.
The catoblepas breathes a plume of calcifying dust at you.
The blast of calcifying dust hits you.
A komodo dragon comes into view.
You shoot an arrow. The arrow hits the catoblepas.
The catoblepas is moderately wounded.
You are engulfed in calcifying dust.
You are slowing down.
The black mamba completely misses you. The bullfrog hits you.
The naga hits you from afar with a +0 glaive.
The black mamba barely misses you. The naga barely misses you.
You shoot an arrow.
The arrow hits the catoblepas but does no damage.
The catoblepas is moderately wounded.
You are engulfed in calcifying dust.
Your limbs have turned to stone.
The bullfrog closely misses you. The black mamba barely misses you.
The catoblepas gores you! The bullfrog closely misses you.
The naga hits you from afar with a +0 glaive!
The naga misses you. The black mamba bites you!
The catoblepas barely misses you.
You have turned to stone.
You are engulfed in calcifying dust.
The bullfrog barely misses you. The black mamba bites you.
The naga hits you from afar with a +0 glaive.
The naga hits you from afar with a +0 halberd!
The bullfrog hits you. The catoblepas gores you!!
* * * LOW HITPOINT WARNING * * *
You are engulfed in calcifying dust.
The black mamba bites you!
* * * LOW HITPOINT WARNING * * *
The black mamba bites you but does no damage.
The bullfrog hits you but does no damage.
The naga hits you from afar with a +0 glaive!
* * * LOW HITPOINT WARNING * * *
The naga hits you from afar with a +0 halberd!
You die...

*,,,,,,,,,,,**,***
#.##...#,,*,,*,,**
#......,,,*,,,,,,,
#..#..#,.,,,,,,,,,
****###*#.....#..*,,*,,,,,
*,P##..##†.......,,,,,,,**
****,.....§.......*,,,,,*,,,*
**,,,,......§.F.#..#.*,,,,,,**
*,,**,,,***#.@.......,,,,,,,**
**,,*,,*** ##SY.P#...,***,,***
*,,,,*,,** #NNN##**,,* *,,***
*,***,*,,**#N.## *,** *,,,**
*** *,*,**,.l.# **,* *,,***
*,,,*,,##.#***,,* **,**,
**,,,**,*,..,,,,,*****,***
*,,*,,*>,*.#*,,,*,,,,,,***
**,,,,*,*,,,**,**,*,,*,,,,


You could see a catoblepas, a komodo dragon, a black mamba, 4 nagas and a
bullfrog.

Vanquished Creatures
  Erica (D:8)
  The ghost of heinrich the Carver, a novice GnCA of Ignis (D:9)
  A wizard (D:9)
  An oklob plant (Lair:2)
  Joseph (D:7)
  A black mamba (Lair:1)
  6 cane toads
  Maggie (D:7)
  3 komodo dragons
  3 kobold demonologists (D:8)
  A rime drake (Lair:3)
  A troll (D:10)
  A polar bear (Lair:2)
  Prince Ribbit (D:5)
  13 blink frogs (Lair:2)
  2 spriggans (Lair:2)
  2 wyverns
  A shadow (D:9)
  26 yaks
  3 basilisks
  Grum (Lair:1)
  2 wargs (D:8)
  7 water moccasins
  6 orc warriors
  3 sky beasts
  2 black bears
  9 wolves
  2 centaurs (D:9)
  2 phantoms
  3 kobold brigands
  3 necrophages
  7 bullfrogs
  5 scorpions
  12 wights
  5 killer bees (D:7)
  7 howler monkeys
  A jelly (D:6)
  3 hounds
  5 orc priests
  Crazy Yiuf (D:2)
  A gnoll shaman (D:7)
  6 iguanas
  4 orc wizards
  Robin (D:2)
  9 gnolls
  14 adders
  3 white imps
  A worm (D:2)
  5 dart slugs
  29 orcs
  5 endoplasms
  4 giant cockroaches
  8 goblins
  9 hobgoblins
  A jackal (D:4)
  4 quokkas
  8 ball pythons
  6 bats
  6 frilled lizards
  8 kobolds
  6 rats
294 creatures vanquished.

Vanquished Creatures (others)
  A fungus (Lair:2)
  5 plants
  A withered plant (Lair:3)
7 creatures vanquished.

Grand Total: 301 creatures vanquished

Notes
Turn   | Place    | Note
-------+----------+-------------------------------------------
     0 | D:1      | Crownlay the Spriggan Hunter began the quest for the Orb.
     0 | D:1      | Reached XP level 1. HP: 10/10 MP: 2/2
    44 | D:1      | Reached skill level 5 in Bows
   133 | D:1      | Reached XP level 2. HP: 15/15 MP: 3/3
   584 | D:1      | Reached XP level 3. HP: 18/18 MP: 4/4
   592 | D:1      | Found a faded altar of an unknown god.
   678 | D:2      | Identified the ring of the Baleful Peach {Ice rPois rN+
                  | Str+2 Stlth-}
   791 | D:2      | Noticed Robin
   811 | D:2      | Killed Robin
   898 | D:2      | Reached XP level 4. HP: 23/23 MP: 5/5
   984 | D:2      | Found a runed translucent door.
   985 | D:2      | Noticed Crazy Yiuf
  1045 | D:2      | Killed Crazy Yiuf
  1320 | D:2      | Identified the +9 mace of Chaos {protect, Str+2 Int+4}
  1386 | D:3      | Reached skill level 6 in Bows
  1402 | D:3      | Reached XP level 5. HP: 20/27 MP: 6/6
  2403 | D:4      | Reached XP level 6. HP: 29/32 MP: 7/7
  2527 | D:4      | Reached skill level 7 in Bows
  2640 | D:4      | Found a staircase to the Ecumenical Temple.
  2652 | Temple   | Entered the Ecumenical Temple
  2828 | D:4      | Reached skill level 5 in Stealth
  2927 | D:4      | Reached skill level 5 in Dodging
  2927 | D:4      | Reached XP level 7. HP: 34/36 MP: 8/8
  3484 | D:4      | Found a large runed translucent door.
  3484 | D:4      | Found a large runed translucent door.
  3488 | D:4      | Noticed benappo's ghost (amateur KoAM)
  3755 | D:4      | Noticed a shadow
  3756 | D:4      | Found a shadowy altar of Dithmenos.
  3757 | D:4      | Found a hazy altar of Hepliaklqana.
  3761 | D:4      | Became a worshipper of Dithmenos the Shadowed
  3875 | D:5      | Entered Level 5 of the Dungeon
  4011 | D:5      | Reached skill level 8 in Bows
  4114 | D:5      | Noticed Prince Ribbit
  4124 | D:5      | Killed Prince Ribbit
  4125 | D:5      | Reached XP level 8. HP: 33/42 MP: 9/9
  4509 | D:5      | Reached skill level 9 in Bows
  5001 | D:6      | Identified the +8 hunting sling "Faegh" {speed, rC+ Will+
                  | SInv}
  5379 | D:6      | Reached skill level 10 in Bows
  5523 | D:7      | Reached * piety under Dithmenos
  5590 | D:7      | Reached XP level 9. HP: 46/46 MP: 10/10
  5603 | D:7      | Noticed Joseph
  5677 | D:7      | Noticed Maggie
  5688 | D:7      | Killed Maggie
  5903 | D:8      | Noticed Erica
  5907 | D:8      | Paralysed by Erica for 4 turns
  5916 | D:8      | Killed Erica
  5917 | D:8      | Reached skill level 5 in Fighting
  5917 | D:8      | Reached skill level 11 in Bows
  6103 | D:8      | Found a staircase to the Lair.
  6298 | D:7      | Reached skill level 10 in Stealth
  6358 | D:7      | Killed Joseph
  6359 | D:7      | Reached XP level 10. HP: 33/52 MP: 11/11
  6453 | D:7      | Reached skill level 12 in Bows
  6509 | D:8      | Reached ** piety under Dithmenos
  7112 | D:8      | Noticed a smoke demon
  7211 | D:8      | Found Sarasvati's Dragon-Slaying Spoils.
  7463 | D:9      | Reached skill level 13 in Bows
  7644 | D:9      | Reached skill level 10 in Dodging
  7682 | D:9      | Noticed a wizard
  7691 | D:9      | Killed a wizard
  7805 | D:9      | Noticed heinrich's ghost (novice GnCA)
  7810 | D:9      | Found a runed translucent door.
  7870 | D:9      | Reached XP level 11. HP: 58/58 MP: 12/12
  8204 | D:9      | Killed heinrich's ghost
  8241 | D:10     | Entered Level 10 of the Dungeon
  8401 | D:10     | Reached *** piety under Dithmenos
  8413 | D:10     | Reached skill level 14 in Bows
  8522 | D:10     | Found a staircase to the Orcish Mines.
  8984 | Lair:1   | Entered Level 1 of the Lair of Beasts
  9178 | Lair:1   | Noticed Grum
  9190 | Lair:1   | Killed Grum
  9413 | Lair:1   | Reached **** piety under Dithmenos
  9664 | Lair:2   | Reached skill level 15 in Bows
  9704 | Lair:2   | Noticed an oklob plant
  9928 | Lair:2   | Reached XP level 12. HP: 63/63 MP: 13/13
 10574 | Lair:2   | Reached skill level 16 in Bows
 10962 | Lair:3   | Noticed a catoblepas
 10974 | Lair:3   | HP: 2/64 [naga/+0 glaive (4)]
 10974 | Lair:3   | Slain by a naga

Illustrated notes

Levels and vault maps discovered:
D:1:      roderic_crossed_star, layout_basic,
          hellmonk_ecumenical_altar_defaced_shrine, grunt_decor_junction
D:2:      layout_basic, uniq_robin, uniq_crazy_yiuf_cottage
D:3:      layout_loops_ring, corexii_item_surrounded_by_moat
D:4:      cheibrodos_pilgrimage, layout_basic,
          riverfiend_overflow_shadow_ancestor, minmay_temple_entry_glassed_door,
          ebering_ghost_disaster_area, minmay_mini_jars
D:5:      layout_rooms, uniq_prince_ribbit1
D:6:      layout_gridville, minivault_26
D:7:      layout_basic, uniq_joseph, uniq_maggie
D:8:      layout_basic, erik_lair_orcish_takeover, nicolae_shop_dragon_depot,
          serial_park_tiny_pond, uniq_erica
D:9:      layout_roguey, hellmonk_ghost_happy_afterlife, serial_aquarium,
          aquarium_bridge_square [aquarium_subvault_bridge,
          aquarium_subvault_bridge, aquarium_subvault_window,
          aquarium_subvault_bridge], aquarium_bridge_island_small
          [aquarium_subvault_small_open, aquarium_subvault_bridge,
          aquarium_subvault_bridge, aquarium_subvault_balcony,
          aquarium_subvault_wall], aquarium_window_1, aquarium_window_corner,
          aquarium_view_2b, aquarium_view_2b, aquarium_balcony_double_3,
          aquarium_pool_corner
D:10:     layout_rooms, david_orc_2
Temple:   regret_index_temple_chain_breaker
Lair:1:   layout_roguey, uniq_grum
Lair:2:   layout_concentric_octagons, st_stairs_12, forest_entry_grove,
          lemuel_fruit_tree
Lair:3:   gammafunk_mikee_crab_dinner, layout_loops_ring,
          skrybe_swamp_entry_bodies, minmay_snake_entry_guardpost_small,
          portal_ice_cave_entry_ice_simulacra, gammafunk_ghost_grave,
          uniq_gastronok

Skill      XL: |  1  2  3  4  5  6  7  8  9 10 11 12 |
---------------+-------------------------------------+-----
Bows           | 5 6 7 8 10 11 13 15 16 | 16.3
Stealth        | 2 3 4 5 6 8 10 11 13 14 | 14.4
Dodging        | 3 4 5 6 7 8 10 11 12 | 12.5
Fighting       | 2 3 4 5 6 7 8 |  8.1

Action                   |  1- 3 |  4- 6 |  7- 9 | 10-12 || total
-------------------------+-------+-------+-------+-------++-------
Melee: Shortbow          |       |       |     3 |       ||     3
 Fire: Shortbow          |    86 |   152 |   423 |   820 ||  1481
Evoke: Wand              |       |       |    10 |     3 ||    13
  Use: Scroll            |       |       |     8 |    10 ||    18
       Potion            |       |       |     1 |       ||     1
Armor: Robe              |     1 |     5 |    17 |       ||    23
       Steam dragon scal |       |       |     9 |    43 ||    52
Dodge: Dodged            |    17 |    65 |   222 |   484 ||   788

Table legend: (Time is in decaauts)
 A = Elapsed time spent in this place.
 B = Non-inter-level travel time spent in this place.
 C = Inter-level travel time spent in this place.
 D = Time resting spent in this place.
 E = Time spent auto-exploring this place.
 F = Levels seen in this place.
 G = Mean time per level.
                   A        B        C        D        E       F      G
               +--------+--------+--------+--------+--------+-----+--------+
         Total |   7824 |   7393 |    431 |     64 |   5190 |  14 |  558.9 |
       Dungeon |   6439 |   6069 |    370 |     64 |   4262 |  10 |  643.9 |
        Temple |    100 |     90 |     10 |      0 |     79 |   1 |  100.0 |
          Lair |   1284 |   1234 |     50 |      0 |    849 |   3 |  428.0 |
               +--------+--------+--------+--------+--------+-----+--------+

Top non-repeatable levels by time:
     D:4: 1107 daAuts
  Lair:2: 818 daAuts
     D:3: 778 daAuts
     D:5: 775 daAuts
     D:8: 693 daAuts
     D:9: 666 daAuts
     D:7: 617 daAuts
     D:2: 498 daAuts
    D:10: 462 daAuts
     D:1: 439 daAuts
  Lair:1: 430 daAuts
     D:6: 399 daAuts
  Temple: 100 daAuts
  Lair:3: 35 daAuts
